 Dungeon Crawl Stone Soup version 0.26-a0-682-g294304f6e8 (webtiles) character file.

Game seed: 17938738435817623866

110 ANON1729 the Conjurer (level 4, 0/33 HPs)
             Began as a Demigod Conjurer on Oct 21, 2020.
             Succumbed to an adder's poison
             ... on level 2 of the Dungeon.
             The game lasted 00:03:40 (2696 turns).

ANON1729 the Conjurer (Demigod Conjurer)            Turns: 2696, Time: 00:03:41

Health: 0/33       AC:  4    Str: 10    XL:     4   Next: 35%
Magic:  20/20      EV: 16    Int: 24    God:
Gold:   68         SH:  0    Dex: 14    Spells: 6/9 levels left

rFire    . . .     SeeInvis .   f - +2 short sword (speed)
rCold    . . .     Faith    .   (no shield)
rNeg     . . .     Spirit   .   a - +0 robe
rPois    .         Reflect  .   g - +2 hat
rElec    .         Harm     .   (no cloak)
rCorr    .         Rampage  .   (no gloves)
MR       .....                  (no boots)
Stlth    ++........             (no amulet)
HPRegen  0.11/turn              i - ring of magical power
MPRegen  0.17/turn              r - +4 ring of evasion

@: lethally poisoned (0 -> -5)
A: high mp 1
a: no special abilities


You were on level 2 of the Dungeon.
You visited 1 branch of the dungeon, and saw 3 of its levels.

You collected 68 gold pieces.

Inventory:

Hand Weapons
 f - a +2 short sword of speed (weapon)
Armour
 a - a +0 robe (worn)
 g - a +2 hat (worn)
Jewellery
 i - a ring of magical power (left hand)
 j - a +6 ring of strength
 m - an uncursed ring of protection from fire
 r - a +4 ring of evasion (right hand)
 t - an uncursed ring of resist corrosion {unknown}
Scrolls
 b - 3 scrolls of teleportation {unknown}
 c - a scroll of amnesia {unknown}
 d - 3 scrolls of identify {unknown}
 e - 2 scrolls of magic mapping {unknown}
 h - 3 scrolls of enchant weapon {unknown}
 n - a scroll of fog {unknown}
 o - a scroll of immolation {unknown}
 p - a scroll of remove curse {unknown}
 q - a scroll of fear {unknown}
Potions
 k - a potion of brilliance {unknown}
 l - a potion of stabbing {unknown}
 s - a potion of curing {unknown}


   Skills:
 - Level 2.0 Dodging
 + Level 2.7 Stealth
 * Level 3.0 Spellcasting
 + Level 4.1 Conjurations


You had 6 spell levels left.
You knew the following spells:

 Your Spells              Type           Power        Failure   Level
a - Magic Dart            Conj           ###.         1%          1
b - Searing Ray           Conj           ###...       3%          2

Your spell library contained the following spells:

 Spells                   Type           Power        Failure   Level
 Dazzling Flash           Conj/Hex       ##....       14%         3
 Fulminant Prism          Conj/Hex       ##........   41%         4
 Iskenderun's Mystic Bla  Conj/Tloc      ##......     41%         4


Dungeon Overview and Level Annotations

Branches:
Dungeon (3/15)


Innate Abilities, Weirdness & Mutations

You have an increased reservoir of magic. (+10% MP)


Message History

You closely miss the adder.
The adder is heavily wounded.
The adder closely misses you. The dart slug launches a dart at you.
The slug dart hits you.
* * * LOW HITPOINT WARNING * * *
You completely miss the adder.
The adder is heavily wounded.
The adder barely misses you. The kobold closely misses you.
The adder misses you. The adder bites you.
* * * LOW HITPOINT WARNING * * *
You are lethally poisoned!
The adder poisons you!
* * * LOW HITPOINT WARNING * * *
You feel sick. The adder bites you.
* * * LOW HITPOINT WARNING * * *
There is a stone staircase leading up, spattered with blood here.
The adder barely misses you. The kobold barely misses you.
You climb upwards.
You die...

######### #######KS.....#
##########.....w@#####.#
...........####### #.#
############ ##.#
......######### #..#
..###.........#######.##
#.###########.....##..#########
#...## #####.............###
..#..## ##....#######...#
......###########.....# ##.##


You could see an adder, a dart slug and a kobold.

Vanquished Creatures
  4 adders
  2 worms (D:2)
  3 dart slugs
  2 leopard geckos (D:1)
  A ball python (D:1)
  4 giant cockroaches
  5 goblins
  11 hobgoblins
  4 jackals (D:1)
  6 bats
  4 frilled lizards
  7 kobolds
  7 rats
60 creatures vanquished.

Notes
Turn   | Place    | Note
-------+----------+-------------------------------------------
     0 | D:1      | ANON1729 the Demigod Conjurer began the quest for the Orb.
     0 | D:1      | Reached XP level 1. HP: 14/14 MP: 5/5
   273 | D:1      | Reached XP level 2. HP: 20/20 MP: 5/7
   277 | D:1      | Learned a level 2 spell: Searing Ray
   975 | D:1      | Reached XP level 3. HP: 26/26 MP: 7/9
  1312 | D:2      | Reached skill level 4 in Conjurations
  2129 | D:2      | Reached XP level 4. HP: 29/33 MP: 11/11
  2576 | D:2      | Found a shimmering altar of Xom.
  2578 | D:2      | Found a sacrificial altar of Ru.
  2578 | D:2      | Found a hide-covered altar of Uskayaw.
  2580 | D:2      | Found a broken altar of Ashenzari.
  2580 | D:2      | Found a hazy altar of Hepliaklqana.
  2580 | D:2      | Found a bloodstained altar of Trog.
  2694 | D:3      | HP: 1/33 [adder (5)]
  2696 | D:2      | Succumbed to an adder's poison

Illustrated notes

Levels and vault maps discovered:
D:1:      dpeg_arrival_central, layout_loops_ring
D:2:      layout_rooms, minivault_25, minmay_misc_feat_tower, corexii_shack,
          doesnt_xom_only_xom
D:3:      minmay_recursive_quarters, layout_rooms, led_sif_book,
          kennysheep_slug_shrine, grunt_decor_resistance

Skill      XL: |  1  2  3  4 |
---------------+-------------+-----
Stealth        | 2 |  2.7
Dodging        | 2 |  2.0
Spellcasting   | 2 3 |  3.0
Conjurations   | 4 |  4.1

Action                   |  1- 3 |  4- 6 || total
-------------------------+-------+-------++-------
Melee: Short sword       |    63 |    53 ||   116
 Cast: Magic Dart        |    58 |       ||    58
       Searing Ray       |     1 |       ||     1
 Stab: Sleeping          |     1 |     2 ||     3
Armor: Robe              |    15 |     8 ||    23
Dodge: Dodged            |    43 |    51 ||    94

Table legend: (Time is in decaauts)
 A = Elapsed time spent in this place.
 B = Non-inter-level travel time spent in this place.
 C = Inter-level travel time spent in this place.
 D = Time resting spent in this place.
 E = Time spent auto-exploring this place.
 F = Levels seen in this place.
 G = Mean time per level.
                   A        B        C        D        E       F      G
               +--------+--------+--------+--------+--------+-----+--------+
         Total |   2661 |   2588 |     73 |    547 |   1678 |   3 |  887.0 |
       Dungeon |   2661 |   2588 |     73 |    547 |   1678 |   3 |  887.0 |
               +--------+--------+--------+--------+--------+-----+--------+

Top non-repeatable levels by time:
     D:2: 1367 daAuts
     D:1: 1273 daAuts
     D:3: 20 daAuts
